 Dungeon Crawl Stone Soup version 0.28.0-47-ge53b351184 (console) character file.

Game seed: 4886190673455720232

99 Faeu the Skirmisher (level 4, -5/41 HPs)
             Began as a Minotaur Fighter on May 2, 2022.
             Slain by an ogre
             ... wielding a +0 giant club
              (24 damage)
             ... on level 3 of the Dungeon.
             The game lasted 00:02:59 (2242 turns).

Faeu the Skirmisher (Minotaur Fighter)              Turns: 2242, Time: 00:02:59

Health: -5/41      AC:  7    Str: 23    XL:     4   Next: 45%
Magic:  3/3        EV:  9    Int:  5    God:
Gold:   83         SH:  4    Dex:  9    Spells: 3/3 levels left

rFire   . . .      SeeInvis .   a - +0 war axe {axe}
rCold   . . .      Faith    .   c - +0 buckler
rNeg    . . .      Spirit   .   b - +0 scale mail
rPois   .          Reflect  .   (helmet restricted)
rElec   .          Harm     .   (no cloak)
rCorr   .          Rampage  .   (no gloves)
Will    .....                   (no boots)
Stlth   ..........              (no amulet)
HPRegen 0.13/turn               (no ring)
MPRegen 0.08/turn               (no ring)

@: no status effects
A: horns 2, retaliatory headbutt
a: no special abilities


You were on level 3 of the Dungeon.
You visited 1 branch of the dungeon, and saw 4 of its levels.

You collected 83 gold pieces.


Innate Abilities, Weirdness & Mutations

You have a pair of horns on your head.
You reflexively headbutt those who attack you in melee.


   Skills:
 + Level 4.4 Fighting
 + Level 3.6 Axes
 + Level 4.4 Armour
 + Level 4.4 Shields


You had 3 spell levels left.
You didn't know any spells.
Your spell library was empty.

Inventory:

Hand Weapons
 a - a +0 war axe (weapon) {axe}
 n - a +0 short sword of venom {short}
   (You took it off an orc on level 3 of the Dungeon)
Armour
 b - a +0 scale mail (worn)
 c - a +0 buckler (worn)
 j - a +1 hat
   (You found it on level 2 of the Dungeon)
Jewellery
 f - an amulet of faith {!P}
   (You found it on level 1 of the Dungeon)
Scrolls
 e - 4 scrolls of identify {unknown}
 h - a scroll of brand weapon {unknown}
 k - a scroll of teleportation {unknown}
 l - a scroll of vulnerability {unknown}
 m - a scroll of immolation {unknown}
Potions
 d - 3 potions of might
 g - a potion of magic {unknown}
 i - 3 potions of curing {unknown}

Dungeon Overview and Level Annotations

Branches:
Dungeon (4/15)
 Temple: D:4-7

Altars:
Cheibriados

#.............≈≈≈≈≈..######.
#...[..........≈≈≈..## ##
#...................########
##..........................
##.....#...................
#########.##......####....
#.###...###.......
#.#......##.......
#.#...............
#O#..............#
#@#...............
#.#...............
#.....†>..........
#.................
####..............
##............#
##..........## ############


You could see an ogre.


Message History

You barely miss the orc. You headbutt the orc!
You kill the orc!
You feel very sick. 😕 HP[-4]
You take 4 damage, and now have 36/40 hp.
You feel sick.
You feel sick.
You feel sick.
You feel sick.
You feel sick.
You feel sick.
You feel sick.
You are no longer poisoned.
Key pressed, stopping explore.
No target in view! 😕 HP[+2]
You regained 2 hp, and now have 38/40 hp.
n - a +0 short sword of venom {short} You see here an orc corpse. 😎 HP[+2] No target in view!
e - 2 scrolls labelled SEYDIZ DUEVIVEXT (gained 1)
d - 2 potions of might (gained 1)
d - 3 potions of might (gained 1)
e - 3 scrolls labelled SEYDIZ DUEVIVEXT (gained 1)
You see here 26 stones {throwing}.
Key pressed, stopping explore.
No target in view!
Done exploring.
No target in view!
Done exploring.
No target in view!
Done exploring.
No target in view!
Done exploring.
No target in view!
Done exploring.
No target in view!
Done exploring.
No target in view!
Done exploring.
No target in view!
Done exploring.
No target in view!
Done exploring.
No target in view!
Done exploring.
No target in view!
Done exploring.
No target in view!
Done exploring.
No target in view!
Done exploring.
No target in view!
Done exploring.
No target in view!
(D) Dungeon
Where to? (Enter - D:3, ? - help)
There is a stone staircase leading down here.
You climb downwards.
The goblin shouts!
The kobold shouts!
The ogre shouts!
You hear a shout! x2
There is a stone staircase leading up here.
There are monsters nearby!
The hound barely misses you.
You climb upwards.
There is a stone staircase leading down here.
You closely miss the hound. You headbutt the hound!
The hound bites you but does no damage. You block the hound's attack.
You slash the hound!
You kill the hound! 😎 HP[+1]
You now have 41 max hp (+1).
You see here a hound corpse.
There is a stone staircase leading down here.
There is a stone staircase leading down here.
There is a stone staircase leading down here.
You climb downwards.
There is a stone staircase leading up here.
e - 4 scrolls labelled SEYDIZ DUEVIVEXT (gained 1)
You see here a +0 hunting sling {sling}.
An ogre comes into view. It is wielding a +0 giant club.
The ogre shouts!
You hear an angry hiss.
A ball python comes into view.
The ball python hisses angrily.
You see here a +0 hunting sling {sling}.
There is a stone staircase leading up here.
The ogre barely misses you. You furiously retaliate!
You headbutt the ogre.
You climb upwards.
There is a stone staircase leading down here.
You barely miss the ogre.
The ogre hits you with a +0 giant club!!
Ouch! That really hurt!
* * * LOW HITPOINT WARNING * * *
😨 HP[-23]
You take 23 damage, and now have 18/41 hp.
MASSIVE DAMAGE!! (PAUSE)
You hit the ogre.
The ogre hits you with a +0 giant club!!
Ouch! That really hurt!
You die...

Skill      XL: |  1  2 |
---------------+-------+-----
Fighting       | 4 |  4.4
Axes           | 3 |  3.6
Armour         | 4 |  4.4
Shields        | 4 |  4.4

Action                   |  1- 3 |  4- 6 || total
-------------------------+-------+-------++-------
Melee: War axe           |    91 |     8 ||    99
       Headbutt          |     8 |     4 ||    12
Armor: Scale mail        |    39 |     3 ||    42
Dodge: Dodged            |    52 |     4 ||    56
Block: Buckler           |    28 |     1 ||    29

Levels and vault maps discovered:
D:1:      dpeg_arrival_stone_temple_mockup, layout_basic, serial_curves,
          eino_curves_03, eino_curves_02, eino_curves_01, hex_tiny
D:2:      layout_loops_cross, shapermc_ecumenical_altar_hornbeckon
D:3:      layout_rooms, kennysheep_slug_shrine
D:4:      layout_loops_ring, makhleb_altar_promises_db,
          nicolae_dithmenos_the_darkroom, minmay_ruined_shrine

Notes
Turn   | Place    | Note
-------+----------+-------------------------------------------
     0 | D:1      | Faeu the Minotaur Fighter began the quest for the Orb.
     0 | D:1      | Reached XP level 1. HP: 19/19 MP: 0/0
     0 | D:1      | magus.rc [v1.9.6]
   420 | D:1      | Reached XP level 2. HP: 26/27 MP: 1/1
  1113 | D:2      | Reached skill level 4 in Fighting
  1113 | D:2      | Reached skill level 3 in Axes
  1113 | D:2      | Reached skill level 4 in Armour
  1113 | D:2      | Reached skill level 4 in Shields
  1130 | D:2      | Reached XP level 3. HP: 26/33 MP: 2/2
  1333 | D:2      | Found a faded altar of an unknown god.
  1738 | D:3      | Found a snail-covered altar of Cheibriados.
  1948 | D:3      | Reached XP level 4. HP: 40/40 MP: 3/3
  2201 | D:4      | Noticed an ogre
  2230 | D:4      | Noticed an ogre
  2242 | D:3      | Slain by an ogre

Vanquished Creatures
  A hound (D:3)
  2 adders (D:2)
  A worm (D:3)
  2 dart slugs (D:3)
  An orc (D:3)
  5 endoplasms
  2 giant cockroaches
  8 goblins
  2 hobgoblins (D:3)
  2 jackals (D:2)
  5 quokkas
  3 ball pythons
  3 bats
  2 frilled lizards
  4 rats
43 creatures vanquished.

Table legend:
 A = Non-vault XP
 B = Vault XP
 C = Vault XP percentage of total XP
 D = Non-vault monster count
 E = Vault monster count
 F = Vault count percentage of total count
                 A         B        C        D         E       F
            +---------+---------+-------+---------+---------+-------
      Total |     138 |       4 |   2.8 |      42 |       1 |   2.3
            +---------+---------+-------+---------+---------+-------
        D:1 |      24 |       0 |   0.0 |      14 |       0 |   0.0
        D:2 |      41 |       0 |   0.0 |      11 |       0 |   0.0
        D:3 |      73 |       4 |   5.2 |      17 |       1 |   5.6
            +---------+---------+-------+---------+---------+-------

Illustrated notes

Table legend:
 A = Kills in this place as a percentage of kills in entire the game.
 B = Kills by you in this place as a percentage of kills by you in the entire game.
 C = Kills by friends in this place as a percentage of kills by friends in the entire game.
 D = Other kills in this place as a percentage of other kills in the entire game.
 E = Experience gained in this place as a percentage of experience gained in the entire game.
 F = Experience gained in this place divided by the number of levels of this place that you have seen.
                   A       B       C       D       E      F
               +-------+-------+-------+-------+-------+----------------------
         Total | 100.0 | 100.0 |   N/A |   N/A | 100.0 |  35.5
       Dungeon | 100.0 | 100.0 |   N/A |   N/A | 100.0 |  35.5
               +-------+-------+-------+-------+-------+----------------------

Table legend: (Time is in decaauts)
 A = Elapsed time spent in this place.
 B = Non-inter-level travel time spent in this place.
 C = Inter-level travel time spent in this place.
 D = Time resting spent in this place.
 E = Time spent auto-exploring this place.
 F = Levels seen in this place.
 G = Mean time per level.
                   A        B        C        D        E       F      G
               +--------+--------+--------+--------+--------+-----+--------+
         Total |   2291 |   2192 |     99 |    155 |   1741 |   4 |  572.8 |
       Dungeon |   2291 |   2192 |     99 |    155 |   1741 |   4 |  572.8 |
               +--------+--------+--------+--------+--------+-----+--------+

Top non-repeatable levels by time:
     D:1: 1013 daAuts
     D:2: 718 daAuts
     D:3: 538 daAuts
     D:4: 21 daAuts
